 Dungeon Crawl Stone Soup version 0.18-a0-867-gfd1cc8f (webtiles) character file.

12180 M4edhros the Covert (level 11, -11/63 HPs)
             Began as an Octopode Artificer on Dec 21, 2015.
             Was a Priest of Fedhas.
             Shot with a poisoned arrow by Nessos (23 damage)
             ... on level 12 of the Dungeon.
             The game lasted 00:41:37 (13204 turns).

M4edhros the Covert (Octopode Artificer)           Turns: 13204, Time: 00:41:37

Health: -11/63     AC:  3    Str: 12    XL:     11   Next: 89%
Magic:  17/17      EV: 16    Int: 22    God:    Fedhas [***...]
Gold:   599        SH:  0    Dex: 10    Spells: 1 memorised, 4 levels left

rFire  + . .     SeeInvis +     y - +3 short sword (freeze)
rCold  x . .     Gourm    .     (no shield)
rNeg   + . .     Faith    .     R - +2 hat {SInv}
rPois  +         Spirit   .     (no amulet)
rElec  .         Dismiss  .     s - ring of fire
rCorr  .         Reflect  .     C - ring of poison resistance
SustAt .         Harm     .     O - +3 ring of slaying
MR     .....                    a - ring of positive energy
Stlth  +++++++...               b - +5 ring of intelligence
                                (no ring)
                                (no ring)
                                (no ring)

@: not resistant to hostile enchantments, extremely stealthy
A: almost no armour, amphibious, 8 rings, constrict 8, camouflage 1, clumsy 1,
mutation resistance 1, gelatinous body 1
a: Evolution, Sunlight, Growth, Renounce Religion


You were on level 12 of the Dungeon.
You worshipped Fedhas.
Fedhas was most pleased with you.
You were not hungry.

You visited 2 branches of the dungeon, and saw 13 of its levels.

You collected 599 gold pieces.

Inventory:

Hand Weapons
 p - a +3 antimagic dagger
 x - a +1 greatsling of velocity
 y - a +3 short sword of freezing (weapon)
 z - a +0 hunting sling of flaming
Missiles
 h - 337 stones (quivered)
 H - 45 sling bullets
 Q - 21 sling bullets of frost
Armour
 R - a +2 hat of see invisible (worn)
Magical Staves
 G - an uncursed staff of energy
Jewellery
 a - a ring of positive energy (on tentacle)
 b - a +5 ring of intelligence (on tentacle)
 s - a ring of fire (left tentacle)
 C - a ring of poison resistance (right tentacle)
 O - a +3 ring of slaying (on tentacle)
Wands
 c - a wand of enslavement (12/24)
 i - a wand of cold (2/15)
 n - a wand of heal wounds (4/9)
 u - a wand of slowing (4/48)
 V - a wand of lightning (1/15)
 W - a wand of confusion (27/48)
Scrolls
 d - a scroll of remove curse
 e - 4 scrolls of teleportation
 l - a scroll of fear
 m - 3 scrolls of recharging
 t - 2 scrolls of fog
 D - a scroll of vulnerability
 F - a scroll of enchant armour
 M - 2 scrolls of immolation
Potions
 g - 2 potions of curing
 o - a potion of ambrosia
 w - a potion of agility
 I - a potion of magic {unknown}
 J - 2 potions of berserk rage
 L - a potion of poison {unknown}
 N - 2 potions of haste {unknown}
 P - a potion of mutation {unknown}
 S - a potion of might {unknown}
 T - a potion of cure mutation {unknown}
 U - 2 potions of flight {unknown}
Books
 v - a book of Transfigurations

   Spells                             Type                      Level
   a - Stoneskin                      Transmutation/Earth          2
   b - Irradiate                      Conjuration/Transmutation    5
   c - Statue Form                    Transmutation/Earth          6
   d - Hydra Form                     Transmutation                6
   e - Dragon Form                    Transmutation                7
Comestibles
 f - 4 bread rations
 j - 2 royal jellies
 k - 8 fruits
 q - a meat ration
 r - 9 beef jerkies


   Skills:
 * Level 1.0 Fighting
 - Level 1.0 Short Blades
 * Level 8.0 Slings
 * Level 9.6 Dodging
 * Level 12.9 Stealth
 * Level 0.0 Spellcasting
 + Level 0.0 Transmutations
 + Level 0.0 Earth Magic
 * Level 9.0 Invocations
 + Level 7.9 Evocations


You had 4 spell levels left.
You knew the following spells:

 Your Spells              Type           Power        Failure   Level  Hunger
a - Statue Form           Trmt/Erth      #........    100%        6    #######


Dungeon Overview and Level Annotations

Branches:
Dungeon (12/15)            Temple (1/1) D:6            Lair (0/8) D:10
    Orc (0/2) D:9

Altars:
Ashenzari
Cheibriados
Elyvilon
Fedhas
Kikubaaqudgha
Makhleb
Nemelex Xobeh
Okawaru
Qazlal
Sif Muna
Trog
Vehumet
Xom
Zin

Shops:
D:4 =   D:6 *

Annotations:
D:12 Nessos


Innate Abilities, Weirdness & Mutations

You cannot wear most types of armour.
You are amphibious.
You can wear up to eight rings at the same time.
You can use your tentacles to constrict eight enemies at once.
Your skin changes colour to match your surroundings (Stealth).
Your rubbery body absorbs attacks (AC +1).
You are clumsy. (Dex -2)
You are somewhat resistant to further mutation.


Message History

Key pressed, stopping explore.
A hill giant comes into view. It is wielding a giant club.
The helpless hill giant fails to defend itself.
You impale the hill giant!! You freeze the hill giant.
The hill giant is severely wounded.
The hill giant hits you with a giant club!!
Ouch! That really hurt!
You hear a shout!
Nessos the Markscentaur comes into view.
Nessos wields a longbow of flaming.
It bursts into flame!
Nessos shoots a poisoned arrow.
The poisoned arrow hits you!
* * * LOW HITPOINT WARNING * * *
The poisoned arrow burns you.
* * * LOW HITPOINT WARNING * * *
You see here a poisoned arrow.
Nessos gestures wildly while chanting.
Nessos seems to speed up.
Nessos shoots a poisoned arrow.
The poisoned arrow hits you!!
You die...
Fedhas appreciates your contribution to the ecosystem.

#.....##....)..รท...
..######.....##...........
........###...............
.c........<##.....f......
...........#.##'#f......
#.........+. #f#.......
#.........####.########
#........ff.f..# #
#...C.@...###### #
#.......### # #.......# #
#.......# #.......#
#########


You could see Nessos, a hill giant and 3 friendly wandering mushrooms.

Vanquished Creatures
  An unseen horror (D:11)
  Pikel (D:5)
  The ghost of 4thArraOfDagon the Covert, a novice FeFi (D:10)
  A hill giant (D:12)
  A cyclops (D:12)
  Grinder (D:5)
  A troll (D:11)
  Sigmund (D:4)
  A vampire (D:9)
  4 yaks
  2 steam dragons
  4 hippogriffs
  A sky beast (D:5)
  A water moccasin (D:12)
  2 ogres
  5 orc warriors
  A black bear (D:8)
  3 phantoms
  A crocodile (D:11)
  2 centaurs
  A big kobold (D:9)
  6 giant frogs
  2 wyvern skeletons
  2 scorpions
  A water moccasin skeleton (D:6)
  4 wights
  4 crimson imps
  A hound (D:8)
  3 giant frog skeletons
  9 orc priests
  2 centaur skeletons
  8 worker ants
  2 iguanas
  8 orc wizards
  Robin (D:3)
  3 hound skeletons
  10 adders
  3 gnolls (D:8)
  A river rat (D:10)
  3 shadow imps
  2 oozes
  2 adder skeletons
  2 worms
  32 orcs
  A giant cockroach (D:2)
  8 hobgoblins
  16 jackals
  2 quokkas
  3 ball pythons
  7 bats
  7 giant geckos
  A giant gecko skeleton (D:5)
  8 giant newts
  19 goblins
  17 kobolds
  24 rats
260 creatures vanquished.

Vanquished Creatures (collateral kills)
  Gastronok (D:8)
  A hydra (D:11)
  The ghost of Uberwunderbarhen the Cleaver, a journeyman OpFi of Makhleb (D:11)
  Joseph (D:8)
  A centaur skeleton (D:12)
  The ghost of herpmino the Ruffian, a novice VSMo of Cheibriados (D:5)
  A hippogriff (D:7)
  7 yaks
  2 hungry ghosts
  A warg (D:9)
  A water moccasin (D:10)
  A black bear (D:12)
  3 sky beasts
  2 orc warriors
  2 slaves (D:5)
  An ogre (D:12)
  2 phantoms
  2 big kobolds
  3 giant frogs
  A scorpion (D:10)
  6 wights
  3 crimson imps
  A hound (D:11)
  3 orc wizards
  5 orc priests
  A jelly (D:6)
  4 iguanas
  5 worker ants
  5 gnolls
  An adder (D:7)
  A worm (D:4)
  The ghost of 4thArraOfDagon the Ducker, a weakling FeFi (D:3)
  A giant gecko (D:11)
  17 orcs
  3 bats (D:10)
  A hobgoblin (D:3)
  10 kobolds
  A giant spore (D:10)
104 creatures vanquished.

Vanquished Creatures (others)
  A trapdoor spider zombie (D:10)
  A sky beast (D:10)
  2 necrophages
  A worker ant zombie (D:11)
  A quokka (D:9)
  17 wandering mushrooms
  2 ballistomycetes (D:10)
  4 fungi (D:10)
  3 giant spores (D:10)
  A plant (D:10)
  230 toadstools
  5 withered plants (D:3)
268 creatures vanquished.

Grand Total: 632 creatures vanquished

Notes
Turn   | Place    | Note
--------------------------------------------------------------
     0 | D:1      | M4edhros the Octopode Artificer began the quest for the Orb.
     0 | D:1      | Reached XP level 1. HP: 13/13 MP: 3/3
   149 | D:1      | Reached XP level 2. HP: 11/18 MP: 4/4
   408 | D:2      | Reached XP level 3. HP: 10/23 MP: 5/5
   888 | D:2      | Reached XP level 4. HP: 15/28 MP: 6/6
  1139 | D:3      | Found a snail-covered altar of Cheibriados.
  1152 | D:4      | Found Itoman's Jewellery Emporium.
  1153 | D:4      | Noticed a phantom
  1167 | D:4      | Killed a phantom
  1167 | D:4      | Reached skill level 4 in Stealth
  1167 | D:4      | Reached XP level 5. HP: 22/33 MP: 6/8
  1315 | D:4      | Found a radiant altar of Vehumet.
  1579 | D:4      | Noticed Sigmund
  1598 | D:4      | Killed Sigmund
  1598 | D:4      | Reached skill level 5 in Stealth
  1598 | D:4      | Reached XP level 6. HP: 38/38 MP: 3/9
  1656 | D:4      | Reached skill level 6 in Stealth
  2167 | D:5      | Entered Level 5 of the Dungeon
  2174 | D:5      | Found a blossoming altar of Fedhas.
  2198 | D:5      | Reached XP level 7. HP: 43/43 MP: 3/10
  2203 | D:5      | Found a sparkling altar of Nemelex Xobeh.
  2295 | D:5      | Reached skill level 5 in Dodging
  2538 | D:5      | Became a worshipper of Fedhas Madash
  2590 | D:3      | Found a shattered altar of Ashenzari.
  3256 | D:2      | Reached * piety under Fedhas
  3387 | D:3      | Noticed Robin
  3398 | D:3      | Killed Robin
  3398 | D:3      | Reached skill level 7 in Stealth
  3560 | D:3      | Reached skill level 5 in Evocations
  3583 | D:3      | Found a stormy altar of Qazlal.
  3607 | D:3      | Found an ancient bone altar of Kikubaaqudgha.
  3651 | D:3      | Reached skill level 1 in Invocations
  3888 | D:3      | Reached ** piety under Fedhas
  4089 | D:3      | Noticed 4thArraOfDagon's ghost (weakling FeFi)
  4094 | D:3      | Killed 4thArraOfDagon's ghost
  4406 | D:3      | Reached XP level 8. HP: 33/48 MP: 11/11
  4472 | D:4      | Reached skill level 1 in Slings
  4735 | D:5      | Noticed herpmino's ghost (novice VSMo)
  4744 | D:5      | Killed herpmino's ghost
  4744 | D:5      | Reached skill level 8 in Stealth
  4974 | D:5      | Noticed Pikel
  5025 | D:5      | Killed Pikel
  5066 | D:5      | Noticed Grinder
  5080 | D:5      | Killed Grinder
  5225 | D:5      | Reached XP level 9. HP: 53/53 MP: 13/13
  5229 | D:5      | Gained mutation: Your mind is acute. (Int +2) [mutagenic meat]
  5230 | D:5      | Lost mutation: Your mind is acute. (Int +2) [mutagenic meat]
  5231 | D:5      | Gained mutation: You are clumsy. (Dex -2) [mutagenic meat]
  5232 | D:5      | Gained mutation: You are somewhat resistant to further mutation. [mutagenic meat]
  5550 | D:6      | Reached *** piety under Fedhas
  5554 | D:6      | Reached skill level 9 in Stealth
  5785 | D:6      | Found a staircase to the Ecumenical Temple.
  5931 | D:6      | Found Zin's Purification Station.
  5934 | D:6      | Found a glowing silver altar of Zin.
  6068 | Temple   | Entered the Ecumenical Temple
  6552 | D:6      | Reached skill level 5 in Invocations
  6925 | D:7      | Found a bloodstained altar of Trog.
  7060 | D:7      | Found a deep blue altar of Sif Muna.
  7140 | D:7      | Reached skill level 10 in Stealth
  7532 | D:8      | Reached **** piety under Fedhas
  7647 | D:8      | Reached skill level 5 in Slings
  7647 | D:8      | Reached XP level 10. HP: 42/58 MP: 14/14
  7652 | D:8      | Noticed Gastronok
  7712 | D:8      | Noticed Joseph
  7723 | D:8      | Killed Joseph
  8075 | D:8      | Found an iron altar of Okawaru.
  8697 | D:8      | Killed Gastronok
  8697 | D:8      | Reached skill level 11 in Stealth
  8925 | D:8      | Found a bloodstained altar of Trog.
  8977 | D:8      | Found a shimmering altar of Xom.
  9126 | D:9      | Found a staircase to the Orcish Mines.
  9763 | D:9      | Found a white marble altar of Elyvilon.
  9987 | D:10     | Entered Level 10 of the Dungeon
 10062 | D:10     | Reached XP level 11. HP: 63/63 MP: 16/16
 10265 | D:10     | Noticed 4thArraOfDagon's ghost (novice FeFi)
 10282 | D:10     | Killed 4thArraOfDagon's ghost
 10412 | D:10     | Found a staircase to the Lair.
 10793 | D:10     | Reached skill level 12 in Stealth
 11054 | D:11     | Noticed Uberwunderbarhen's ghost (journeyman OpFi)
 11462 | D:11     | Noticed a five-headed hydra
 11476 | D:11     | Killed a five-headed hydra
 12441 | D:11     | Killed Uberwunderbarhen's ghost
 12653 | D:11     | Noticed an unseen horror
 12664 | D:11     | Killed an unseen horror
 12716 | D:11     | Noticed a skeletal warrior
 12718 | D:11     | Noticed a skeletal warrior
 12733 | D:11     | Noticed a skeletal warrior
 12899 | D:12     | Found a burning altar of Makhleb.
 13128 | D:12     | Noticed a hill giant
 13142 | D:12     | Killed a hill giant
 13160 | D:12     | Learned a level 6 spell: Statue Form
 13193 | D:12     | Noticed a hill giant
 13202 | D:12     | Noticed Nessos
 13204 | D:12     | Shot with a poisoned arrow by Nessos

Vault maps used:
D:1:      sevenhm_arrival_forest_fort_small_3
D:2:      serial_glass, glass_columns_a, glass_columns_a, first_bread
D:3:      kiku_gazebo_garden_becter, lemuel_crystal_altar,
          cheibriados_altar_wand_db, ashenzari_altar_1, uniq_robin
D:4:      vehumet_crystals, serial_shops, nicolae_shop_waterfront, uniq_sigmund
D:5:      lemuel_doored_altar, basic_altar, st_stairs_9, uniq_grinder,
          uniq_pikel
D:6:      zin_purify, minmay_temple_entry_water_ring
D:7:      led_sif_pool, trog_three_pillars_becter
D:8:      tgw_xom, nicolae_overflow_hidden_temple,
          nicolae_overflow_crystal_walls, uniq_gastronok, uniq_joseph
D:9:      elyvilon_altar_4, david_orc_3, grunt_ogre_cave
D:10:     grunt_lair_entry_orc_guard_hut
D:11:     abandoned_shop
D:12:     basic_altar, uniq_nessos
Temple:   corrupted_temple

Action                   |  1- 3 |  4- 6 |  7- 9 | 10-12 || total
-------------------------+-------+-------+-------+-------++-------
Melee: Short sword       |    49 |    15 |   141 |    80 ||   285
       Dagger            |       |    21 |    66 |     1 ||    88
       Whip              |       |       |     5 |    22 ||    27
 Fire: Hunting sling     |       |       |   139 |   456 ||   595
       Greatsling        |       |       |       |    32 ||    32
Invok: Evolution         |       |       |     8 |    13 ||    21
       Sunlight          |       |       |     2 |     3 ||     5
       Reproduction      |       |       |       |     1 ||     1
Evoke: Wand              |     6 |    12 |    19 |    11 ||    48
  Use: Potion            |       |     2 |     6 |     2 ||    10
       Scroll            |       |     6 |     4 |    12 ||    22
 Stab: Sleeping          |     5 |     9 |    32 |    12 ||    58
       Distracted        |       |     1 |     1 |       ||     2
       Fleeing           |       |       |     1 |       ||     1
       Confused          |       |       |       |     2 ||     2
  Eat: Chunk             |       |     4 |     6 |       ||    10
       Bread ration      |       |       |     3 |     1 ||     4
       Meat ration       |       |       |     1 |     3 ||     4
       Pizza             |       |       |       |     1 ||     1
       Beef jerky        |       |       |       |     1 ||     1
